Map: Dusk Towers

Players

Fiend

  • Race: Terran Terran
  • League: Platinum

GoodMuse - Winner!

  • Race: Zerg Zerg
  • League: Platinum

VOD

Have the link to the VOD?

Description

Time

  • Played on: March 27, 2016, 3:27 p.m.
  • Length: 14:51
Show
View Real Time Build Order
Export as new Build Order

Fiend Terran 

Build Orders: MMM Bio 

Get SALT Encoding   

  12  0:00  SCV  
  13  0:12  SCV  
  14  0:17  Supply Depot  
  14  0:25  SCV  
  15  0:30  Refinery  
  15  0:39  SCV  
  16  0:45  Barracks  
  16  0:51  SCV  
  17  1:03  SCV  
  18  1:15  SCV  
  20  1:33  Reaper  
  20  1:34  Orbital Command  
  20  1:45  Command Center  
  20  1:54  Factory  
  20  2:00  SCV  
  21  2:06  Refinery  
  21  2:13  Marine, Supply Depot  
  22  2:17  SCV  
  23  2:34  SCV  
  24  2:41  Barracks Tech Lab  
  24  2:48  Factory Tech Lab  
  24  2:50  SCV  
  25  2:55  Starport  
  25  3:06  Marine  
  25  3:08  Stimpack  
  26  3:14  Barracks  
  26  3:21  SCV  
  26  3:22  Orbital Command  
  26  3:25  Marine  
  28  3:33  Siege Tank  
  31  3:36  Viking  
  33  3:43  Marine  
  34  3:48  Barracks  
  34  3:49  Supply Depot  
  34  3:54  SCV  
  34  3:55  SCV  
  36  4:06  Siege Tank  
  36  4:08  Barracks Reactor  
  39  4:14  Marine  
  40  4:23  SCV  
  40  4:24  SCV  
  41  4:31  Marine  
  41  4:32  Starport Reactor  
  42  4:45  Marine x2  
  43  4:46  Barracks Reactor  
  43  4:48  Command Center  
  43  4:49  Widow Mine  
  46  4:56  Supply Depot  
  46  5:00  Supply Depot  
  46  5:01  Engineering Bay, Marine  
  46  5:02  Engineering Bay  
  47  5:14  Marine x2  
  47  5:17  Medivac  
  47  5:18  Siege Tank  
  47  5:19  Marine  
  55  5:22  SCV  
  55  5:32  Marine x3  
  55  5:33  Marine  
  55  5:35  Medivac  
  61  5:38  Marine  
  61  5:39  SCV  
  63  5:49  Marine  
  63  5:50  Marine  
  63  5:51  Marine  
  63  5:52  Marine  
  67  6:02  Supply Depot  
  67  6:04  Supply Depot  
  67  6:06  Medivac  
  67  6:08  Marine  
  70  6:12  SCV  
  70  6:14  SCV  
  70  6:16  Marine  
  73  6:23  Orbital Command  
  73  6:25  Marine  
  73  6:26  Marine  
  75  6:38  Marine x3  
  78  6:40  Terran Infantry Weapons Level 1, SCV, Terran Infantry Armor Level 1  
  78  6:42  SCV  
  80  6:51  Marine x2  
  80  6:53  SCV  
  80  6:54  SCV  
  84  6:56  Marine x2  
  84  6:57  Siege Tank  
  84  7:00  Marine  
  90  7:04  Refinery  
  90  7:05  Refinery, SCV x2  
  92  7:08  SCV  
  92  7:13  Marine  
  92  7:14  Marine x2  
  96  7:17  SCV  
  91  7:31  Marine  
  91  7:32  Marine x4  
  91  7:33  Siege Tank  
  97  7:44  Supply Depot  
  97  7:46  Supply Depot x2  
  97  7:49  Marine x2  
  97  7:50  Marine x2  
  101  7:54  Armory  
  101  8:03  Factory  
  101  8:05  Marine  
  101  8:06  Siege Tank, SCV x3  
  101  8:07  Marine  
  101  8:08  Liberator, Marine  
  101  8:12  Marine x2  
  112  8:23  Marine  
  112  8:25  Marine  
  112  8:26  Marine  
  118  8:30  Marine  
  118  8:32  Combat Shields  
  119  8:35  SCV x3  
  119  8:38  Siege Tank  
  125  8:41  Refinery  
  125  9:02  Missile Turret  
  125  9:03  Missile Turret  
  125  9:05  Missile Turret x2  
  125  9:06  Missile Turret  
  125  9:07  Missile Turret  
  125  9:09  Missile Turret  
  125  9:13  Missile Turret  
  125  9:14  Missile Turret x2  
  125  9:15  Missile Turret  
  125  9:35  Supply Depot  
  125  9:37  Supply Depot  
  125  9:40  Supply Depot  
  125  9:56  SCV x3, Marine x5  
  133  10:08  SCV  
  133  10:12  Terran Infantry Armor Level 2, Terran Infantry Weapons Level 2  
  134  10:14  Marine x5  
  139  10:32  Marine x5  
  139  10:35  Refinery  
  144  10:37  Barracks  
  144  10:38  SCV  
  144  10:39  SCV x2  
  147  10:49  Marine x2  
  147  10:54  Command Center  
  149  11:09  Barracks x2  
  149  11:11  Barracks  
  149  11:14  Supply Depot  
  149  11:16  Supply Depot  
  149  11:18  Factory Reactor  
  149  11:24  Starport  
  149  11:27  Barracks Reactor  
  149  11:35  Marine x2  
  149  11:36  Medivac x2, SCV x2  
  149  11:37  Marine x3  
  149  11:38  Siege Tank, SCV  
  164  11:48  SCV  
  165  12:05  Marine x8  
  165  12:06  Marine  
  174  12:10  Siege Tank  
  174  12:12  Widow Mine  
  179  12:20  Widow Mine  
  94  12:44  Marine x3  
  94  12:49  Marine  
  94  12:50  Marine x3  
  101  12:55  Marine x2  
  84  13:08  Marine  
  84  13:09  Marine x4  
  84  13:10  Marine  
  70  13:13  Marine x2  
  70  13:26  Marine x2, SCV  
  65  13:27  Marine x4  
  65  13:31  Marine x2  
  72  13:34  Barracks  
  72  13:37  Barracks  
  72  13:38  Orbital Command  
  72  13:44  Marine x2  
  72  13:45  Marine x4  
  78  13:48  Marine  
  78  13:49  Marine  
  80  14:02  Marine x2  
  82  14:14  Ghost Academy  
  82  14:16  Barracks Tech Lab  
  82  14:17  Barracks Tech Lab  
Show
View Real Time Build Order
Export as new Build Order

GoodMuse Zerg - Winner!

Build Orders: Hatch First, Muta Ling Bane 

Get SALT Encoding   

  12  0:01  Drone  
  13  0:12  Overlord  
  13  0:17  Drone  
  14  0:30  Drone  
  14  0:31  Drone  
  14  0:35  Drone  
  17  0:54  Hatchery  
  16  0:59  Drone x2  
  18  1:07  Extractor  
  18  1:08  Drone  
  18  1:18  Spawning Pool  
  17  1:32  Drone x2  
  19  1:39  Overlord  
  19  1:55  Drone  
  20  2:05  Queen  
  20  2:06  Queen  
  24  2:10  Zergling x4  
  24  2:15  Drone  
  27  2:16  Metabolic Boost  
  27  2:23  Drone  
  28  2:48  Drone x2  
  28  2:49  Drone x3  
  28  2:50  Overlord  
  33  3:04  Zergling x4  
  35  3:10  Queen  
  35  3:11  Baneling Nest  
  36  3:14  Extractor  
  36  3:16  Drone x4  
  36  3:18  Overlord  
  36  3:19  Drone  
  40  3:31  Drone x3  
  43  3:36  Overlord  
  43  3:56  Extractor  
  43  3:57  Drone x4, Hatchery  
  43  4:01  Roach Warren  
  44  4:08  Drone  
  44  4:09  Drone  
  46  4:13  Evolution Chamber x2  
  44  4:31  Drone x4, Extractor  
  47  4:48  Lair  
  47  4:51  Zerg Melee Weapons Level 1, Zerg Ground Armor Level 1  
  47  4:57  Overlord x2  
  47  4:58  Overlord  
  47  5:10  Drone x3  
  50  5:14  Overlord x2  
  50  5:22  Drone x5  
  55  5:32  Drone  
  55  5:33  Drone x2, Queen  
  60  5:49  Zergling x8  
  62  5:50  Zergling x6  
  62  5:51  Overseer  
  62  5:56  Spire  
  62  5:57  Drone  
  63  5:59  Centrifical Hooks  
  63  6:10  Drone  
  64  6:13  Baneling x3  
  64  6:15  Zergling x8  
  64  6:16  Zergling x6  
  71  6:24  Infestation Pit, Drone  
  71  6:26  Drone  
  71  6:27  Drone x2  
  74  6:38  Hatchery  
  73  6:43  Drone x4  
  73  6:44  Zergling x2  
  73  6:45  Zergling x12  
  84  6:54  Zerg Melee Weapons Level 2, Zerg Ground Armor Level 2  
  84  7:08  Mutalisk  
  84  7:09  Mutalisk x2  
  84  7:12  Overlord x3  
  84  7:13  Overlord  
  90  7:17  Drone, Extractor  
  90  7:19  Extractor  
  84  7:37  Mutalisk x6  
  96  7:47  Drone x4  
  96  7:48  Drone  
  96  7:50  Drone  
  102  8:02  Zergling x2  
  102  8:03  Zergling x14  
  110  8:11  Spore Crawler  
  109  8:19  Hive  
  109  8:22  Zergling x4  
  109  8:23  Zergling x12  
  109  8:26  Baneling x2  
  117  8:32  Queen  
  117  8:33  Drone  
  117  8:34  Overlord x3  
  120  8:46  Zergling x16  
  128  8:57  Baneling  
  128  8:58  Baneling  
  128  9:00  Baneling  
  128  9:01  Baneling x8  
  128  9:04  Zergling x2  
  128  9:05  Zergling x12  
  135  9:18  Overlord x2  
  135  9:28  Mutalisk, Zerg Flyer Armor Level 1  
  135  9:29  Mutalisk x3  
  143  9:50  Zergling x14  
  143  9:51  Zergling x20  
  146  10:13  Ultralisk Cavern, Adrenal Glands  
  144  10:15  Zerg Ground Armor Level 3, Zerg Melee Weapons Level 3  
  144  10:33  Drone x2  
  146  10:36  Overlord x4  
  146  10:37  Overlord  
  158  11:04  Ultralisk x6  
  182  11:12  Chitinous Plating  
  182  11:22  Extractor  
  182  11:23  Pneumatized Carapace  
  182  11:24  Extractor  
  180  11:30  Hatchery  
  179  11:38  Zergling x8  
  179  11:39  Zergling x6  
  186  11:42  Overlord, Baneling x4  
  186  11:43  Overlord x3  
  175  12:26  Zergling x2  
  175  12:27  Zergling x18  
  175  12:28  Zergling x4  
  117  12:40  Zergling x2  
  117  12:41  Zergling x4  
  119  12:56  Hatchery  
  111  13:04  Zergling x12  
  113  13:12  Zergling x2  
  105  13:24  Zergling x10  
  105  13:25  Zergling x4  
  110  13:50  Mutalisk x10, Hatchery  
  110  13:51  Mutalisk  
  110  13:54  Baneling x5  
  110  13:55  Baneling x3  
  131  14:10  Drone  
  132  14:18  Zergling x2  
  132  14:19  Zergling x16  
Tags
 
Add a new tag
Caveats
  • Supply blocks, unpowered buildings, or Contaminate may cause inaccurate times.
  • Supply counts are checked every 10 seconds.